 Dungeon Crawl Stone Soup version 0.22-a0-538-g76cc104 (webtiles) character file.

37 kae the Insei (level 3, 0/26 HPs)
             Began as a Demonspawn Transmuter on June 23, 2018.
             Succumbed to an adder's poison
             ... on level 2 of the Dungeon.
             The game lasted 00:01:11 (776 turns).

kae the Insei (Demonspawn Transmuter)                Turns: 776, Time: 00:01:12

Health: 0/26       AC:  4    Str: 10    XL:     3   Next: 23%
Magic:  6/6        EV: 12    Int: 14    God:
Gold:   58         SH:  0    Dex: 14    Spells: 0/6 levels left

rFire    . . .     SeeInvis .     - Unarmed
rCold    . . .     Gourm    .   (no shield)
rNeg     . . .     Faith    .   b - +0 robe
rPois    .         Spirit   .   (no helmet)
rElec    .         Reflect  .   (no cloak)
rCorr    .         Harm     .   (no gloves)
MR       .....                  (no boots)
Stlth    +.........             (no amulet)
HPRegen  0.08/turn              (no ring)
MPRegen  0.10/turn              (no ring)

@: lethally poisoned (0 -> -8)
A: talons 1, molten scales 1
a: no special abilities


You were on level 2 of the Dungeon.
You were not hungry.

You visited 1 branch of the dungeon, and saw 2 of its levels.

You collected 58 gold pieces.

Inventory:

Missiles
 a - 29 arrows
Armour
 b - a +0 robe (worn)
Comestibles
 d - 2 rations


   Skills:
 - Level 1.0 Fighting
 - Level 1.7 Dodging
 * Level 3.6 Unarmed Combat
 - Level 2.0 Spellcasting
 + Level 2.3 Transmutations


You couldn't memorise any spells.
You knew the following spells:

 Your Spells              Type           Power        Failure   Level  Hunger
a - Beastly Appendage     Tmut           #.....       9%          1    ##.....
b - Sticks to Snakes      Tmut           #.......     14%         2    ###....
c - Spider Form           Tmut/Pois      #.........   41%         3    ####...

Your spell library contained the following spells:

 Spells                   Type           Power        Failure   Level  Hunger
 Blade Hands              Tmut           #.........   94%         5    ######.
 Ice Form                 Ice/Tmut       #.......     82%         4    #####..


Dungeon Overview and Level Annotations

Branches:
Dungeon (2/15)

Altars:


Innate Abilities, Weirdness & Mutations

You have sharp toenails.
You are partially covered in molten scales. (AC +2)


Message History

You aren't carrying any potions.
Unknown command.
You miss the adder.
The adder is moderately wounded.
The adder bites you.
* * * LOW HITPOINT WARNING * * *
The adder bites you but does no damage.
You miss the adder. Your kick misses the adder. You headbutt the adder.
The adder is severely wounded.
* * * LOW HITPOINT WARNING * * *
You feel sick. The adder bites you.
* * * LOW HITPOINT WARNING * * *
You miss the adder.
The adder is severely wounded.
* * * LOW HITPOINT WARNING * * *
You feel sick. The adder barely misses you.
You hit the adder.
You kill the adder!
Your horns disappear.
You die...

###.....# .#
.........# .#
###......#####.#
#.#.........###
...#.......S.'.#
.####.........#.#
#.........#.#
.......>....#.#
####........#@#
..........#)#
.......#####.#
.....#.# #.#
#...... #.# ..#
###


There were no monsters in sight!

Vanquished Creatures
  An adder (D:2)
  2 leopard geckos (D:1)
  3 giant cockroaches (D:1)
  A goblin (D:2)
  3 hobgoblins (D:1)
  3 jackals (D:1)
  3 bats (D:1)
  2 frilled lizards (D:1)
  3 kobolds
  5 rats (D:1)
26 creatures vanquished.

Notes
Turn   | Place    | Note
-------+----------+-------------------------------------------
     0 | D:1      | kae the Demonspawn Transmuter began the quest for the Orb.
     0 | D:1      | Reached XP level 1. HP: 15/15 MP: 3/3
   148 | D:1      | Reached skill level 3 in Unarmed Combat
   238 | D:1      | Gained mutation: You are partially covered in molten scales. (AC +2) [demonic ancestry]
   238 | D:1      | Reached XP level 2. HP: 19/21 MP: 3/5
   698 | D:2      | Mutation became permanent: You have razor-sharp toenails. [demonic ancestry]
   698 | D:2      | Gained mutation: You have claws for feet. [demonic ancestry]
   698 | D:2      | Reached XP level 3. HP: 18/26 MP: 4/6
   702 | D:2      | Learned a level 2 spell: Sticks to Snakes
   706 | D:2      | Learned a level 3 spell: Spider Form
   774 | D:2      | HP: 1/26 [poisoned by an adder]
   776 | D:2      | Succumbed to an adder's poison

Vault maps used:
D:1:      saegor_arrival_simple_c
D:2:      grunt_temple_overflow_open,
          chequers_temple_overflow_statue_of_worship, uniq_terence

Skill      XL: |  1 |
---------------+----+-----
Transmutations | 2 |  2.3
Unarmed Combat | 3 |  3.6
Fighting       | |  1.0
Dodging        | |  1.7
Spellcasting   | |  2.0

Action                   || total
-------------------------++-------
Melee: Unarmed           ||    95
       Kick              ||     9
       Headbutt          ||     2
 Cast: Beastly Appendage ||    18
  Use: Potion            ||     1
Armor: Robe              ||    26
Dodge: Dodged            ||    75

Table legend:
 A = Spawn XP
 B = Non-spawn XP
 C = Spawn XP percentage of total XP
 D = Spawn monster count
 E = Non-spawn monster count
 F = Spawn count percentage of total count
 G = Total turns spent on level
                    A         B        C        D         E        F      G
               +---------+---------+-------+---------+---------+-------+---------
         Total |       0 |      54 |   0.0 |       0 |      26 |   0.0 |   776
               +---------+---------+-------+---------+---------+-------+---------
           D:1 |       0 |      37 |   0.0 |       0 |      23 |   0.0 |   492
           D:2 |       0 |      17 |   0.0 |       0 |       3 |   0.0 |   284
               +---------+---------+-------+---------+---------+-------+---------
